 Dungeon Crawl Stone Soup version 0.21.1-1-g345015f (webtiles) character file.

36 sking99 the Ruffian (level 3, -1/28 HPs)
             Began as a Draconian Transmuter on June 23, 2018.
             Killed from afar by Natasha (11 damage)
             ... with a magic dart
             ... on level 2 of the Dungeon.
             The game lasted 00:03:33 (1342 turns).

sking99 the Ruffian (Draconian Transmuter)          Turns: 1342, Time: 00:03:33

Health: -1/28      AC:  5    Str: 12    XL:     3   Next: 19%
Magic:  1/6        EV: 12    Int: 14    God:
Gold:   47         SH:  0    Dex: 11    Spells: 3/6 levels left

rFire    . . .     SeeInvis .     - Unarmed
rCold    . . .     Gourm    .   (no shield)
rNeg     . . .     Faith    .   (armour unavailable)
rPois    .         Spirit   .   (helmet restricted)
rElec    .         Reflect  .   (no cloak)
rCorr    .         Harm     .   (no gloves)
MR       .....                  (no boots)
Stlth    +.........             (no amulet)
HPRegen  0.09/turn              (no ring)
MPRegen  0.10/turn              (no ring)

@: slowed, very slow
A: unfitting armour, cold-blooded, AC +5
a: no special abilities


You were on level 2 of the Dungeon.
You were not hungry.

You visited 1 branch of the dungeon, and saw 2 of its levels.

You collected 47 gold pieces.

Inventory:

Missiles
 a - 26 arrows
Scrolls
 d - a scroll of enchant weapon {unknown}
 f - a scroll of magic mapping {unknown}
 g - 3 scrolls of identify {unknown}
 j - a scroll of remove curse {unknown}
 k - 2 scrolls of amnesia {unknown}
Potions
 e - a potion of magic {unknown}
 h - a potion of resistance {unknown}
 i - a potion of agility {unknown}
Books
 b - a book of Changes

   Spells                             Type                      Level
   a - Beastly Appendage              Transmutation                1
   b - Sticks to Snakes               Transmutation                2
   c - Spider Form                    Transmutation/Poison         3
   d - Ice Form                       Ice/Transmutation            4
   e - Blade Hands                    Transmutation                5
Comestibles
 c - 4 rations
 l - a chunk of flesh


   Skills:
 - Level 1.1 Fighting
 - Level 1.7 Dodging
 + Level 4.2 Unarmed Combat
 + Level 2.1 Spellcasting
 + Level 2.1 Transmutations


You had 3 spell levels left.
You knew the following spells:

 Your Spells              Type           Power        Failure   Level  Hunger
a - Beastly Appendage     Tmut           #.....       10%         1    ##.....
b - Sticks to Snakes      Tmut           #.......     16%         2    ###....


Dungeon Overview and Level Annotations

Branches:
Dungeon (2/15)

Altars:
Dithmenos

Annotations:
D:2 Natasha


Innate Abilities, Weirdness & Mutations

Your plain brown scales are hard. (AC +5)
You cannot fit into any form of body armour.
You are cold-blooded and may be slowed by cold attacks.


Message History

Your adder closely misses Natasha.
Natasha barely misses your adder.
Your adder bites Natasha.
Natasha is poisoned.
Your adder poisons Natasha!
Natasha claws your adder.
Your adder dies!
Natasha mumbles some strange words.
Your ball python bites Natasha.
Your ball python closely misses Natasha.
Natasha closely misses your ball python.
Your ball python bites Natasha but does no damage.
Your ball python grabs Natasha.
Your ball python constricts Natasha.
Your ball python barely misses Natasha.
Your ball python constricts Natasha.
Natasha claws your ball python!
Your ball python dies!
Natasha stares at you and mumbles some strange words.
The magic dart hits you! Natasha barely misses you.
You hit Natasha.
Natasha is almost dead.
Natasha casts a spell at you. The magic dart hits you!
You die...

#..#.# #..#S# #..#.#
#..#.# # #$.#.# ..#
#########..#.#....#
........#.Shh....hh #
#######.##h#h#.#.## ..
##....[...@.#.#
##.#...........#.#
.............#.#.. #
.#.....>............
.....)...#.#...#....
........)#.##.##....
............._......
###########.#..#.######
.......รท..#.#.....#


You could see Natasha, 2 jackals and a ball python.

Vanquished Creatures
  An adder (D:2)
  A dart slug (D:1)
  A leopard gecko (D:1)
  3 giant cockroaches (D:1)
  3 goblins (D:1)
  5 hobgoblins
  A quokka (D:2)
  4 bats (D:1)
  2 frilled lizards
  3 kobolds
  4 rats
28 creatures vanquished.

Notes
Turn   | Place    | Note
-------+----------+-------------------------------------------
     0 | D:1      | sking99 the Draconian Transmuter began the quest for the Orb.
     0 | D:1      | Reached XP level 1. HP: 16/16 MP: 3/3
   389 | D:1      | Reached XP level 2. HP: 23/23 MP: 5/5
   571 | D:1      | Reached skill level 4 in Unarmed Combat
   794 | D:1      | Learned a level 2 spell: Sticks to Snakes
  1232 | D:2      | Reached XP level 3. HP: 28/28 MP: 0/6
  1275 | D:2      | Found a shadowy altar of Dithmenos.
  1325 | D:2      | Noticed Natasha
  1342 | D:2      | Killed from afar by Natasha

Skill      XL: |  1  2 |
---------------+-------+-----
Unarmed Combat | 4 |  4.2
Fighting       | |  1.1
Dodging        | |  1.7
Spellcasting   | |  2.1
Transmutations | |  2.1

Action                   || total
-------------------------++-------
Melee: Unarmed           ||   102
       Tailslap          ||    20
       Punch             ||     1
 Cast: Sticks to Snakes  ||     5
 Stab: Sleeping          ||     2
       Distracted        ||     1
  Eat: Chunk             ||     2
Armor: Skin              ||    25
Dodge: Dodged            ||    49
